 Dungeon Crawl Stone Soup version 0.28-a0-1404-g4df0f3684d (webtiles) character file.

Game seed: 8509198450711203050

104 croobank the Sneak (level 4, -5/22 HPs)
             Began as a Felid Delver on Jan 6, 2022.
             Slain by flotson's ghost (15 damage)
             ... on level 3 of the Dungeon.
             The game lasted 00:13:28 (3755 turns).

croobank the Sneak (Felid Delver)                   Turns: 3755, Time: 00:13:29

Health: -5/22      AC:  1    Str: 10    XL:     4   Next: 52%
Magic:  5/5        EV: 19    Int: 11    God:
Gold:   133        SH:  0    Dex: 17    Spells: 3/3 levels left
                                        Lives:  0   Deaths: 1

rFire   . . .      SeeInvis +     - Unarmed
rCold   . . .      Faith    .   (shield unavailable)
rNeg    . . .      Spirit   .   (armour unavailable)
rPois   .          Reflect  .   (helmet unavailable)
rElec   .          Harm     .   (cloak unavailable)
rCorr   .          Rampage  .   (gloves unavailable)
Will    .....                   (boots unavailable)
Stlth   ++++......              (no amulet)
HPRegen 0.07/turn               (no ring)
MPRegen 0.09/turn               (no ring)

@: quick
A: very small, claws 1, fangs 3, see invisible, speed 1, shaggy fur 1, stealthy
paws, no weapons or thrown items, no armour, multi-lived
a: no special abilities


You were on level 3 of the Dungeon.
You visited 1 branch of the dungeon, and saw 5 of its levels.

You collected 133 gold pieces.

Inventory:

Wands
 e - a wand of digging (3)
Scrolls
 a - a scroll of fog
 b - a scroll of identify
 c - a scroll of teleportation {unknown}
 f - a scroll of immolation {unknown}
Potions
 d - a potion of haste
 g - a potion of heal wounds {unknown}


   Skills:
 + Level 3.9 Fighting
 + Level 4.2 Dodging
 + Level 7.5 Stealth
 + Level 3.1 Unarmed Combat


You had 3 spell levels left.
You didn't know any spells.
Your spell library contained the following spells:

 Spells                   Type           Power      Damage    Failure   Level
 Corpse Rot               Necr/Air       0%         N/A       47%         2
 Poisonous Vapours        Pois/Air       0%         N/A       47%         2


Dungeon Overview and Level Annotations

Branches:
Dungeon (5/15)
 Temple: D:4-7

Altars:
Ashenzari
Elyvilon
The Shining One

Annotations:
D:2 Robin
D:3 flotson's ghost, weakling DsGl


Innate Abilities, Weirdness & Mutations

You have sharp claws.
You have razor-sharp teeth.
You have supernaturally acute eyesight. (SInv)
You cover ground quickly. (Speed+)
You are covered in fur. (AC +1)
Your paws help you pounce on unaware monsters.
You are incapable of wielding weapons or throwing items.
You cannot wear armour.
You gain extra lives every three experience levels.


Message History

The endoplasm completely misses you.
You scratch the endoplasm.
You kill the endoplasm!
Flotson's ghost misses you.
Things that are here:
a +0 short sword; a hobgoblin corpse You closely miss flotson's ghost.
Flotson's ghost barely misses you.
You barely miss flotson's ghost. Flotson's ghost barely misses you.
You closely miss flotson's ghost. Flotson's ghost misses you.
You scratch flotson's ghost.
Flotson's ghost is lightly damaged.
Flotson's ghost whispers, "It is all a dream - a grotesque and foolish dream."
Flotson's ghost barely misses you.
You barely miss flotson's ghost.
Flotson's ghost is lightly damaged.
Flotson's ghost closely misses you.
You scratch flotson's ghost but do no damage.
Flotson's ghost is lightly damaged.
Flotson's ghost misses you.
You scratch flotson's ghost but do no damage.
Flotson's ghost is lightly damaged.
Flotson's ghost completely misses you.
You scratch flotson's ghost.
Flotson's ghost is lightly damaged.
Flotson's ghost says, "I was like you once."
Flotson's ghost closely misses you.
You scratch flotson's ghost.
Flotson's ghost is moderately damaged.
Flotson's ghost hits you.
You closely miss flotson's ghost. Your bite misses flotson's ghost.
Flotson's ghost is moderately damaged.
Flotson's ghost hits you!
Ouch! That really hurt!
You barely miss flotson's ghost. Your claw misses flotson's ghost.
Flotson's ghost is moderately damaged.
You closely miss flotson's ghost.
Flotson's ghost is moderately damaged.
Flotson's ghost hits you!
Ouch! That really hurt!
You die...

#.# #.# #.####
############################.....
.............[.).........>.....<#
################.#....#####......
.........# #.####.# #......
########.## #.# #.#####.#.###
#..# #@# #...........# ##.# #W#
#######.#.... #.# #w# #...###.#
#.## #.# ###.###.# #####..### #.#
#.....# #........# #.# #######
#####........# #.##
....#........# #..##
###.#........###...####


You could see a worm and flotson's ghost.

Vanquished Creatures
  5 adders
  A howler monkey skeleton (D:3)
  3 dart slugs
  5 worms
  3 orcs (D:3)
  10 endoplasms
  A giant cockroach (D:1)
  10 goblins
  10 hobgoblins
  4 jackals (D:1)
  2 quokkas
  5 ball pythons
  5 bats
  3 frilled lizards
  10 kobolds
  6 rats
83 creatures vanquished.

Vanquished Creatures (others)
  A plant (D:1)
1 creature vanquished.

Grand Total: 84 creatures vanquished

Notes
Turn   | Place    | Note
-------+----------+-------------------------------------------
     0 | D:5      | croobank the Felid Delver began the quest for the Orb.
     0 | D:5      | Reached XP level 1. HP: 10/10 MP: 2/2
    43 | D:4      | Noticed a scorpion
   104 | D:3      | Reached XP level 2. HP: 14/14 MP: 3/3
   129 | D:3      | Found a runed translucent gate.
   129 | D:3      | Found a runed translucent gate.
   131 | D:3      | Found a runed translucent gate.
   133 | D:3      | Noticed flotson's ghost (weakling DsGl)
   433 | D:2      | Found a glowing golden altar of the Shining One.
   754 | D:1      | Reached XP level 3. HP: 17/17 MP: 4/4
   882 | D:1      | Found a faded altar of an unknown god.
  1015 | D:1      | Reached skill level 7 in Stealth
  1842 | D:2      | Reached XP level 4. HP: 4/21 MP: 5/5
  2187 | D:2      | Noticed Robin
  2200 | D:2      | HP: 1/21 [Robin (3)]
  2924 | D:2      | Succumbed to an adder's poison
  2925 | D:2      | Reached XP level 3. HP: 0/18 MP: 4/4
  3270 | D:3      | Reached XP level 4. HP: 22/22 MP: 5/5
  3556 | D:3      | Found a broken altar of Ashenzari.
  3688 | D:3      | Found a white marble altar of Elyvilon.
  3755 | D:3      | Slain by flotson's ghost

Illustrated notes

Levels and vault maps discovered:
D:1:      minmay_arrival_split_and_join, layout_basic,
          chequers_ecumenical_altar_lobes, nrook_mini_backslash
D:2:      layout_loops_ring, basic_altar, minmay_pentomino_o4, uniq_robin
D:3:      layout_basic, mainiacjoe_overflow_catwalk,
          mainiacjoe_overflow_alcove_1, gammafunk_ghost_split
D:4:      layout_rooms
D:5:      layout_basic, minmay_temple_entry_overgrown,
          minmay_fractal_squares_gapless_5, uniq_ijyb, uniq_menkaure,
          uniq_prince_ribbit1

Skill      XL: |  1  2  3 |
---------------+----------+-----
Dodging        | 3 4 |  4.2
Stealth        | 7 |  7.5
Unarmed Combat | 3 |  3.1
Fighting       | |  3.9

Action                   |  1- 3 |  4- 6 || total
-------------------------+-------+-------++-------
Melee: Unarmed           |   110 |   117 ||   227
       Bite              |     8 |     9 ||    17
       Punch             |     2 |     2 ||     4
  Use: Scroll            |     2 |     1 ||     3
       Potion            |     1 |       ||     1
 Stab: Sleeping          |    17 |     6 ||    23
       Distracted        |     2 |     1 ||     3
Armor: Skin              |    28 |       ||    28
Dodge: Dodged            |    81 |    79 ||   160

Table legend: (Time is in decaauts)
 A = Elapsed time spent in this place.
 B = Non-inter-level travel time spent in this place.
 C = Inter-level travel time spent in this place.
 D = Time resting spent in this place.
 E = Time spent auto-exploring this place.
 F = Levels seen in this place.
 G = Mean time per level.
                   A        B        C        D        E       F      G
               +--------+--------+--------+--------+--------+-----+--------+
         Total |   3367 |   3318 |     49 |   1297 |   1160 |   5 |  673.4 |
       Dungeon |   3367 |   3318 |     49 |   1297 |   1160 |   5 |  673.4 |
               +--------+--------+--------+--------+--------+-----+--------+

Top non-repeatable levels by time:
     D:1: 1423 daAuts
     D:2: 1256 daAuts
     D:3: 633 daAuts
     D:4: 36 daAuts
     D:5: 17 daAuts
